 Dungeon Crawl Stone Soup version 0.20-a0-454-g2b43fbb (webtiles) character file.

99 HarleyQuinn the Changer (level 4, 0/28 HPs)
             Began as an Octopode Transmuter on Jan 8, 2017.
             Slain by Natasha (7 damage)
             ... on level 2 of the Dungeon.
             The game lasted 00:03:09 (2805 turns).

HarleyQuinn the Changer (Octopode Transmuter)       Turns: 2805, Time: 00:03:09

Health: 0/28       AC:  2    Str:  9    XL:     4   Next: 72%
Magic:  5/7        EV: 19    Int: 16    God:
Gold:   125        SH:  0    Dex: 17    Spells: 3/7 levels left

rFire  . . .     SeeInvis .       - Unarmed
rCold  . . .     Gourm    .     (shield currently unavailable)
rNeg   . . .     Faith    .     (helmet currently unavailable)
rPois  x         Spirit   .     (no amulet)
rElec  .         Reflect  .     (no ring)
rCorr  .         Harm     .     (no ring)
MR     .....                    (no ring)
Stlth  ++........               (no ring)
                                (no ring)
                                (no ring)
                                (no ring)
                                (no ring)

@: spider-form, slowed, very slow
A: almost no armour, stealthy swim, (amphibious), 8 rings, (constrict 8),
(camouflage 0), (gelatinous body 0)
a: End Transformation


You were on level 2 of the Dungeon.
You were not hungry.
You were a venomous arachnid creature.
You visited 1 branch of the dungeon, and saw 2 of its levels.

You collected 125 gold pieces.

Inventory:

Missiles
 a - 35 arrows
Scrolls
 f - a scroll of amnesia {unknown}
 g - a scroll of blinking {unknown}
 h - a scroll of remove curse {unknown}
 i - 3 scrolls of identify {unknown}
 k - a scroll of fear {unknown}
 l - a scroll of enchant weapon {unknown}
Potions
 d - a potion of might {unknown}
 e - a potion of haste {unknown}
 m - a potion of brilliance {unknown}
 n - a potion of cure mutation {unknown}
Books
 b - a book of Changes

   Spells                             Type                      Level
   a - Beastly Appendage              Transmutation                1
   b - Sticks to Snakes               Transmutation                2
   c - Spider Form                    Transmutation/Poison         3
   d - Ice Form                       Ice/Transmutation            4
   e - Blade Hands                    Transmutation                5
Comestibles
 c - 2 bread rations
 j - 3 chunks of flesh


   Skills:
 - Level 1.0 Fighting
 - Level 2.0 Dodging
 - Level 3.0 Unarmed Combat
 - Level 2.0 Spellcasting
 - Level 4.0 Transmutations
 + Level 2.6 Poison Magic


You had 3 spell levels left.
You knew the following spells:

 Your Spells              Type           Power        Failure   Level  Hunger
a - Beastly Appendage     Tmut           ##....       14%         1    #......
b - Spider Form           Tmut/Pois      ##........   36%         3    ###....


Dungeon Overview and Level Annotations

Branches:
Dungeon (2/15)

Altars:

Annotations:
D:2 Natasha


Innate Abilities, Weirdness & Mutations

You cannot wear most types of armour.
You are very stealthy in the water. (Stealth+)
((You are amphibious.))
You can wear up to eight rings at the same time.
((You can use your tentacles to constrict eight enemies at once.))
((Your skin changes colour to match your surroundings (Stealth+).))
((Your rubbery body absorbs attacks. (AC +1, EV +1)))


Message History

You feel troubled. Terence barely misses you.
The dart slug completely misses you.
You hit Terence but do no damage.
Terence is almost dead.
You kill Terence!
Your Poison Magic skill increases to level 2!
Natasha stares at you and mumbles some strange words.
The magic dart hits you!
You hit Natasha.
Natasha is poisoned.
Natasha is lightly wounded.
Natasha stares at you and mumbles some strange words.
You feel yourself slow down. The dart slug completely misses you.
You bite Natasha!
Natasha is heavily wounded.
Natasha claws you.
* * * LOW HITPOINT WARNING * * *
The crimson imp blinks!
The dart slug bites you but does no damage.
Natasha claws you!
You die...

#. ...#)... ...
......#. .##..#
.##...##... ......##
.........###.#.......
.##.. #[......#...!...
.....##...............
.........# .......
.###.##..######w......
#........sh.5.... #
#...######w......
.###.#...# ..#####
.....#...# ..#
.........# #.#
######..## ..
########..# ###
#.........#
#.######.##


You could see a worm, Natasha, a crimson imp and a dart slug.

Vanquished Creatures
  Terence (D:2)
  2 adders
  A worm (D:2)
  3 dart slugs (D:1)
  7 bats
  5 giant cockroaches
  3 goblins (D:1)
  3 hobgoblins
  4 jackals (D:2)
  7 frilled lizards
  4 kobolds
  6 rats
46 creatures vanquished.

Notes
Turn   | Place    | Note
-------+----------+-------------------------------------------
     0 | D:1      | HarleyQuinn the Octopode Transmuter began the quest for the Orb.
     0 | D:1      | Reached XP level 1. HP: 13/13 MP: 3/3
   320 | D:1      | Reached XP level 2. HP: 14/18 MP: 5/5
   496 | D:1      | Reached skill level 3 in Transmutations
  1327 | D:1      | Reached XP level 3. HP: 10/23 MP: 6/6
  1332 | D:1      | Learned a level 3 spell: Spider Form
  2140 | D:2      | Reached skill level 4 in Transmutations
  2279 | D:2      | Reached XP level 4. HP: 19/28 MP: 3/7
  2530 | D:2      | Reached skill level 1 in Poison Magic
  2793 | D:2      | Noticed Terence
  2796 | D:2      | Noticed Natasha
  2803 | D:2      | Killed Terence
  2805 | D:2      | Slain by Natasha

Vault maps used:
D:1:      sevenhm_arrival_forest_fort_small_5, minivault_4, hex_medium
D:2:      minmay_wonky_spiral, grunt_ministairs_2, minmay_hedge_maze,
          uniq_terence, uniq_iyjb, uniq_natasha

Skill      XL: |  1  2  3  4 |
---------------+-------------+-----
Transmutations | 3 4 |  4.0
Poison Magic   | 2 |  2.6
Fighting       | |  1.0
Dodging        | |  2.0
Unarmed Combat | |  3.0
Spellcasting   | |  2.0

Action                   |  1- 3 |  4- 6 || total
-------------------------+-------+-------++-------
Melee: Unarmed           |    87 |    31 ||   118
       Constrict         |    20 |     3 ||    23
       Tentacles         |     8 |     3 ||    11
       Punch             |     2 |       ||     2
 Cast: Spider Form       |     4 |     5 ||     9
 Stab: Sleeping          |     5 |       ||     5
       Distracted        |     1 |       ||     1
  Eat: Chunk             |     4 |     3 ||     7
Armor: Skin              |    10 |     2 ||    12
Dodge: Dodged            |    42 |    28 ||    70
